BSA
IRVINE GANG GREEN @ NASSAU ROCKETS
08/27/2028
 
TOP OF THE 1ST
Irvine Gang Green batting - Pitching for Nassau Rockets : RHP Armando Avilés
Pitching: RHP Armando Avilés
Batting: RHB Tyler Wagner 0-0: Ball
1-0: Foul Ball, location: 2F
1-1: Foul Ball, location: 2F
1-2: Ball
2-2: Strikes out swinging
Batting: RHB Aaron Wilson 0-0: Called Strike
0-1: Foul Ball, location: 2F
0-2: Ball
1-2: Strikes out swinging
Batting: RHB José Salazar 0-0: Ball
1-0: Called Strike
1-1: Called Strike
1-2: Foul Ball, location: 2F
1-2: Ground out 6-3 (Groundball, 6)
Top of the 1st over - 0 run(s), 0 hit(s), 0 error(s), 0 left on base; Irvine 0 - Nassau 0
BOTTOM OF THE 1ST
Nassau Rockets batting - Pitching for Irvine Gang Green : LHP Masutaro Koyama
Pitching: LHP Masutaro Koyama
Batting: LHB Don Ramey 0-0: Called Strike
0-1: Called Strike
0-2: Foul Ball, location: 2F
0-2: Ball
1-2: Foul Ball, location: 2F
1-2: Ball
2-2: Strikes out swinging
Batting: RHB Salvador Borbón 0-0: Ball
1-0: Foul Ball, location: 2F
1-1: Foul Ball, location: 2F
1-2: Foul Ball, location: 2F
1-2: Ball
2-2: Strikes out swinging
Batting: RHB Kenji Kudo 0-0: Ground out 5-3 (Groundball, 5)
Bottom of the 1st over - 0 run(s), 0 hit(s), 0 error(s), 0 left on base; Irvine 0 - Nassau 0
TOP OF THE 2ND
Irvine Gang Green batting - Pitching for Nassau Rockets : RHP Armando Avilés
Batting: LHB Frank Geddes 0-0: Ball
1-0: Foul Ball, location: 2F
1-1: SOLO HOME RUN (Flyball, 9LD), Distance : 321 ft
Batting: RHB Eichiro Yamamoto 0-0: Ground out 5-3 (Groundball, 5)
Batting: LHB Tom Baker 0-0: Called Strike
0-1: Ball
1-1: Foul Ball, location: 2F
1-2: SINGLE (Groundball, 4MD)
Batting: RHB Raúl Salas 0-0: Foul Ball, location: 2F
0-1: Swinging Strike
0-2: Strikes out swinging
Batting: LHB José Sánchez 0-0: Called Strike
0-1: Ball
1-1: Hit by Pitch
Tom Baker to second
Batting: RHB Shizue Chouda 0-0: Swinging Strike
0-1: Ball
1-1: Foul Ball, location: 2F
1-2: Foul Ball, location: 2F
1-2: Ball
2-2: Fly out, F9 (Flyball, 9S)
Top of the 2nd over - 1 run(s), 2 hit(s), 0 error(s), 2 left on base; Irvine 1 - Nassau 0
BOTTOM OF THE 2ND
Nassau Rockets batting - Pitching for Irvine Gang Green : LHP Masutaro Koyama
Batting: LHB Andrew Alvarado 0-0: Ball
1-0: Called Strike
1-1: SINGLE (Groundball, 4D)
Batting: RHB Pete Harvey 0-0: Called Strike
0-1: Swinging Strike
0-2: Foul Ball, location: 2F
0-2: Ball
1-2: Fly out, F8 (Flyball, 8LS)
Batting: RHB Bill Little 0-0: Grounds into double play, 6-4-3 (Groundball, 6)
Bottom of the 2nd over - 0 run(s), 1 hit(s), 0 error(s), 0 left on base; Irvine 1 - Nassau 0
TOP OF THE 3RD
Irvine Gang Green batting - Pitching for Nassau Rockets : RHP Armando Avilés
Batting: RHB Tyler Wagner 0-0: Swinging Strike
0-1: Ground out 1-3 (Groundball, P)
Batting: RHB Aaron Wilson 0-0: Ball
1-0: Swinging Strike
1-1: Ball
2-1: Ball
3-1: Foul Ball, location: 2F
3-2: Foul Ball, location: 2F
3-2: DOUBLE (Line Drive, 89S)
Batting: RHB José Salazar 0-0: Called Strike
0-1: Swinging Strike
0-2: Ball
1-2: Foul Ball, location: 2F
1-2: Ground out 5-3 (Groundball, 5)
Batting: LHB Frank Geddes 0-0: Foul Ball, location: 2F
0-1: Fly out, F8 (Flyball, 8RD)
Top of the 3rd over - 0 run(s), 1 hit(s), 0 error(s), 1 left on base; Irvine 1 - Nassau 0
BOTTOM OF THE 3RD
Nassau Rockets batting - Pitching for Irvine Gang Green : LHP Masutaro Koyama
Batting: LHB Wilson Allen 0-0: Ball
1-0: Called Strike
1-1: Called Strike
1-2: Strikes out swinging, 2-3 out at first.
Batting: RHB Brant Sherman 0-0: Ball
1-0: Swinging Strike
1-1: Ball
2-1: Fly out, F8 (Flyball, 8RM)
Batting: LHB Juan Romero 0-0: Swinging Strike
0-1: Ball
1-1: Foul Ball, location: 2F
1-2: Foul Ball, location: 2F
1-2: SINGLE (Line Drive, 56)
Batting: LHB Don Ramey 0-0: Called Strike
0-1: Foul Ball, location: 2F
0-2: Foul Ball, location: 2F
0-2: SINGLE (Line Drive, 8LS)
Juan Romero to second
Batting: RHB Salvador Borbón 0-0: Called Strike
0-1: Ball
1-1: Foul Ball, location: 2F
1-2: Ground out 6-3 (Groundball, 6M)
Bottom of the 3rd over - 0 run(s), 2 hit(s), 0 error(s), 2 left on base; Irvine 1 - Nassau 0
TOP OF THE 4TH
Irvine Gang Green batting - Pitching for Nassau Rockets : RHP Armando Avilés
Batting: RHB Eichiro Yamamoto 0-0: Ground out 4-3 (Groundball, 4)
Batting: LHB Tom Baker 0-0: Ball
1-0: Ball
2-0: Ball
3-0: Base on Balls
Batting: RHB Raúl Salas 0-0: Ball
1-0: Fly out, F7 (Flyball, 7S)
Batting: LHB José Sánchez 0-0: Ball
1-0: Called Strike
1-1: Fielders Choice at 2nd, 4-6 (Groundball, 34)
Top of the 4th over - 0 run(s), 0 hit(s), 0 error(s), 0 left on base; Irvine 1 - Nassau 0
BOTTOM OF THE 4TH
Nassau Rockets batting - Pitching for Irvine Gang Green : LHP Masutaro Koyama
Batting: RHB Kenji Kudo 0-0: Called Strike
0-1: Ball
1-1: Ball
2-1: Ball
3-1: Ground out 6-3 (Groundball, 56)
Batting: LHB Andrew Alvarado 0-0: Ball
1-0: Ball
2-0: Ground out 1-3 (Groundball, 13)
Batting: RHB Pete Harvey 0-0: Swinging Strike
0-1: Ball
1-1: Ball
2-1: Ball
3-1: Foul Ball, location: 2F
3-2: Strikes out looking
Bottom of the 4th over - 0 run(s), 0 hit(s), 0 error(s), 0 left on base; Irvine 1 - Nassau 0
TOP OF THE 5TH
Irvine Gang Green batting - Pitching for Nassau Rockets : RHP Armando Avilés
Batting: RHB Shizue Chouda 0-0: Called Strike
0-1: Called Strike
0-2: Strikes out swinging
Batting: RHB Tyler Wagner 0-0: Ball
1-0: Fly out, F8 (Flyball, 8RD)
Batting: RHB Aaron Wilson 0-0: Ball
1-0: Called Strike
1-1: Ball
2-1: Ball
3-1: Ground out U3 (Groundball, 3)
Top of the 5th over - 0 run(s), 0 hit(s), 0 error(s), 0 left on base; Irvine 1 - Nassau 0
BOTTOM OF THE 5TH
Nassau Rockets batting - Pitching for Irvine Gang Green : LHP Masutaro Koyama
Batting: RHB Bill Little 0-0: Fly out, F3 (Popup, 3L)
Batting: LHB Wilson Allen 0-0: Ball
1-0: Called Strike
1-1: Called Strike
1-2: Ground out 4-3 (Groundball, 4)
Batting: RHB Brant Sherman 0-0: Ball
1-0: Ball
2-0: DOUBLE (Line Drive, 8LXD)
Batting: LHB Juan Romero 0-0: Ball
1-0: Ball
2-0: Ground out 6-3 (Groundball, 56)
Bottom of the 5th over - 0 run(s), 1 hit(s), 0 error(s), 1 left on base; Irvine 1 - Nassau 0
TOP OF THE 6TH
Irvine Gang Green batting - Pitching for Nassau Rockets : RHP Armando Avilés
Batting: RHB José Salazar 0-0: Ball
1-0: Foul Ball, location: 2F
1-1: Called Strike
1-2: Ball
2-2: Strikes out swinging
Batting: LHB Frank Geddes 0-0: Swinging Strike
0-1: Fly out, F3 (Popup, 3L)
Batting: RHB Eichiro Yamamoto 0-0: SINGLE (Line Drive, 4D)
Batting: LHB Tom Baker 0-0: Called Strike
0-1: Foul Ball, location: 2F
0-2: Strikes out swinging
Top of the 6th over - 0 run(s), 1 hit(s), 0 error(s), 1 left on base; Irvine 1 - Nassau 0
BOTTOM OF THE 6TH
Nassau Rockets batting - Pitching for Irvine Gang Green : LHP Masutaro Koyama
Batting: LHB Don Ramey 0-0: Ball
1-0: Called Strike
1-1: Ball
2-1: Ball
3-1: Foul Ball, location: 2F
3-2: Strikes out looking
Batting: RHB Salvador Borbón 0-0: Called Strike
0-1: Ball
1-1: Called Strike
1-2: SINGLE (Flyball, 8RS)
Batting: RHB Kenji Kudo 0-0: Called Strike
0-1: Foul Ball, location: 2F
0-2: Ball
1-2: Fly out, F9 (Flyball, 9LM)
Batting: LHB Andrew Alvarado 0-0: Ball
1-0: Fly out, F9 (Line Drive, 9)
Bottom of the 6th over - 0 run(s), 1 hit(s), 0 error(s), 1 left on base; Irvine 1 - Nassau 0
TOP OF THE 7TH
Irvine Gang Green batting - Pitching for Nassau Rockets : RHP Armando Avilés
Batting: RHB Raúl Salas 0-0: Called Strike
0-1: Ground out 1-3 (Groundball, 15)
Batting: LHB José Sánchez 0-0: Foul Ball, location: 2F
0-1: Foul Ball, location: 2F
0-2: Ball
1-2: Ball
2-2: Ball
3-2: Foul Ball, location: 2F
3-2: Foul Ball, location: 2F
3-2: SINGLE (Line Drive, 4D)
Batting: RHB Shizue Chouda 0-0: Ball
José Sánchez steals 2nd base
1-0: Called Strike
1-1: Swinging Strike
1-2: Ball
Wild Pitch!
José Sánchez to third
2-2: Strikes out swinging
Pinch Hitting: LHB José Esparza 0-0: Called Strike
0-1: Ball
1-1: Called Strike
1-2: Ball
2-2: Strikes out looking
Top of the 7th over - 0 run(s), 1 hit(s), 0 error(s), 1 left on base; Irvine 1 - Nassau 0
BOTTOM OF THE 7TH
Nassau Rockets batting - Pitching for Irvine Gang Green : LHP Masutaro Koyama
Now in RF: José Esparza
Batting: RHB Pete Harvey 0-0: Foul Ball, location: 2F
0-1: Ball
1-1: SINGLE (Groundball, 6MD)
Batting: RHB Bill Little 0-0: Ball
1-0: Called Strike
1-1: Sac Bunt - play at first, batter OUT! 2-3
Pete Harvey to second
Batting: LHB Wilson Allen 0-0: Swinging Strike
0-1: Ball
1-1: SINGLE (Line Drive, 78M)
Pete Harvey to third
Batting: RHB Brant Sherman 0-0: Ball
1-0: Called Strike
1-1: Fly out, F4 (Line Drive, 4M)
Batting: LHB Juan Romero 0-0: Ball
1-0: Foul Ball, location: 2F
1-1: Fielders Choice at 2nd, 4-6 (Groundball, 4)
Bottom of the 7th over - 0 run(s), 2 hit(s), 0 error(s), 1 left on base; Irvine 1 - Nassau 0
TOP OF THE 8TH
Irvine Gang Green batting - Pitching for Nassau Rockets : RHP Armando Avilés
Pitching: RHP Luis Cortéz
Batting: RHB Aaron Wilson 0-0: Ball
1-0: Ball
2-0: Called Strike
2-1: Foul Ball, location: 2F
2-2: Ball
3-2: Strikes out swinging
Batting: RHB José Salazar 0-0: Called Strike
0-1: Ball
1-1: Swinging Strike
1-2: Foul Ball, location: 2F
1-2: Strikes out swinging
Batting: LHB Frank Geddes 0-0: Fly out, F7 (Flyball, 7)
Top of the 8th over - 0 run(s), 0 hit(s), 0 error(s), 0 left on base; Irvine 1 - Nassau 0
BOTTOM OF THE 8TH
Nassau Rockets batting - Pitching for Irvine Gang Green : LHP Masutaro Koyama
Batting: LHB Don Ramey 0-0: Called Strike
0-1: Ground out 2-3 (Groundball, 2R)
Batting: RHB Salvador Borbón 0-0: Ball
1-0: Ball
2-0: Called Strike
2-1: Foul Ball, location: 2F
2-2: Foul Ball, location: 2F
2-2: Foul Ball, location: 2F
2-2: SOLO HOME RUN (Flyball, 7LD), Distance : 417 ft
Batting: RHB Kenji Kudo 0-0: Called Strike
0-1: Foul Ball, location: 2F
0-2: Ball
1-2: Ball
2-2: Foul Ball, location: 2F
2-2: Ground out 5-3 (Groundball, 56)
Batting: LHB Andrew Alvarado 0-0: Called Strike
0-1: Fly out, F9 (Line Drive, 9)
Bottom of the 8th over - 1 run(s), 1 hit(s), 0 error(s), 0 left on base; Irvine 1 - Nassau 1
TOP OF THE 9TH
Irvine Gang Green batting - Pitching for Nassau Rockets : RHP Luis Cortéz
Pitching: RHP Guan-cai Yong
Batting: RHB Eichiro Yamamoto 0-0: Called Strike
0-1: Ball
1-1: Ground out 5-3 (Groundball, 5L)
Pitching: RHP Ju-choer Yi
Batting: LHB Tom Baker 0-0: Called Strike
0-1: Ball
1-1: Swinging Strike
1-2: Ball
2-2: Ball
3-2: Base on Balls
Pinch Runner at 1st Carlos Córdova:
Batting: RHB Raúl Salas 0-0: Ball
Carlos Córdova steals 2nd base
1-0: Ball
2-0: Called Strike
2-1: Called Strike
Carlos Córdova steals 3rd base
2-2: Foul Ball, location: 2F
2-2: Ball
3-2: Fly out, F4 (Popup, 34)
Batting: LHB José Sánchez 0-0: Called Strike
0-1: Swinging Strike
0-2: Ball
1-2: Strikes out looking
Top of the 9th over - 0 run(s), 0 hit(s), 0 error(s), 1 left on base; Irvine 1 - Nassau 1
BOTTOM OF THE 9TH
Nassau Rockets batting - Pitching for Irvine Gang Green : LHP Masutaro Koyama
Pitching: LHP Santiago González
Now in RF: Ronnie Brown
Batting: RHB Pete Harvey 0-0: Called Strike
0-1: TRIPLE (Flyball, 78D)
Batting: RHB Bill Little Balk!
Pete Harvey scores
Tuesday, August 8th, 2017 - OOTP Baseball 17.12 Build 75